 Dungeon Crawl Stone Soup version 0.24.0-13-gcf9b319 (webtiles) character file.

Game seed: 8563796257952616335, levelgen mode: deterministic

90 Bronimir the Stinger (level 4, -2/30 HPs)
             Began as a Formicid Venom Mage on Mar 25, 2020.
             Was an Initiate of Okawaru.
             Slain by Sigmund
             ... wielding a +0 scythe
              (13 damage)
             ... on level 2 of the Dungeon.
             The game lasted 00:04:05 (2024 turns).

Bronimir the Stinger (Formicid Venom Mage)          Turns: 2024, Time: 00:04:06

Health: -2/30      AC:  3    Str: 13    XL:     4   Next: 85%
Magic:  1/7        EV: 12    Int: 15    God:    Okawaru [......]
Gold:   92         SH:  0    Dex: 11    Spells: 1/8 levels left

rFire    . . .     SeeInvis +   a - +1 whip (flame)
rCold    . . .     Gourm    .   (no shield)
rNeg     . . .     Faith    .   n - +0 leather armour
rPois    .         Spirit   .   (helmet unavailable)
rElec    .         Reflect  .   (no cloak)
rCorr    .         Harm     .   (no gloves)
MR       .....                  (no boots)
Stlth    +.........             (no amulet)
HPRegen  0.10/turn              (no ring)
MPRegen  0.10/turn              (no ring)

@: confused
A: permanent stasis, dig shafts and tunnels, four strong arms, antennae 3
a: Dig, Shaft Self, Renounce Religion


You were on level 2 of the Dungeon.
You worshipped Okawaru.
Okawaru was noncommittal.
You were hungry.

You visited 1 branch of the dungeon, and saw 2 of its levels.

You collected 92 gold pieces.

Inventory:

Hand Weapons
 a - a +1 whip of flaming (weapon)
 i - a +0 club
 o - a +0 whip
 r - a +0 spear
Missiles
 b - 89 stones (quivered)
 k - 26 arrows
 m - 29 bolts
Armour
 g - a +0 robe
 j - a +0 ring mail
 n - a +0 leather armour (worn)
Scrolls
 d - 4 scrolls of teleportation {unknown}
 h - 3 scrolls of identify {unknown}
 p - a scroll of fog {unknown}
 q - a scroll of remove curse {unknown}
 s - a scroll of immolation {unknown}
Potions
 e - a potion of curing {unknown}
 f - a potion of lignification {unknown}
 l - a potion of heal wounds {unknown}
Comestibles
 c - 3 rations


   Skills:
 + Level 0.3 Maces & Flails
 + Level 0.2 Polearms
 * Level 1.8 Armour
 + Level 2.0 Dodging
 - Level 2.4 Stealth
 + Level 2.6 Spellcasting
 + Level 1.0 Conjurations
 + Level 0.2 Air Magic
 * Level 5.5 Poison Magic


You had one spell level left.
You knew the following spells:

 Your Spells              Type           Power        Failure   Level  Hunger
a - Sting                 Conj/Pois      ##..         7%          1    #......
b - Poisonous Vapours     Pois/Air       ##....       12%         2    ###....
d - Olgreb's Toxic Radia  Pois           ###.....     26%         4    #####..

Your spell library contained the following spells:

 Spells                   Type           Power        Failure   Level  Hunger
 Mephitic Cloud           Conj/Pois/Air  #.......     30%         3    ###....
 Venom Bolt               Conj/Pois      ##........   88%         5    ######.


Dungeon Overview and Level Annotations

Branches:
Dungeon (2/15)

Altars:
Ashenzari
Okawaru

Annotations:
D:2 Sigmund


Innate Abilities, Weirdness & Mutations

You cannot be hasted, slowed, berserked, paralysed or teleported.
You can dig through walls and to a lower floor.
Your four strong arms can wield two-handed weapons with a shield.
You have a pair of large antennae on your head. (SInv)


Message History

You hit Sigmund. You burn Sigmund.
Sigmund is heavily wounded.
Sigmund gestures at you while chanting. The magic dart hits you.
You hit Sigmund but do no damage.
Sigmund is heavily wounded.
Sigmund hits you with a +0 scythe!
You hit Sigmund but do no damage.
Sigmund is severely wounded.
You hit Sigmund. You burn Sigmund.
Sigmund is severely wounded.
Sigmund gestures at you while chanting.
You are confused.
You bump into the rock wall.
Sigmund barely misses you.
You closely miss Sigmund.
Sigmund is severely wounded.
Sigmund hits you with a +0 scythe.
You bump into the rock wall.
You're too confused to move!
Sigmund hits you with a +0 scythe!
You die...

.(# #.##.###.#.### #.#
#.##.#...#...# #.#
#.##.#.#####.#
#######.###
#.##.#...#>..#
##...#...†.#
#.##.###.#.###
#.###..#†#.###.##.###...#
#.# #.......)..#...####.#
#.###..#.#.###.†........#
##...#....†.@@<#...####.#
##.#####.#######.## #<#
#.# ##.## .# #.#
######.###.###### # #.#
........h{........ #.#
.#######.######### ..#
#.# ### #.# #@#


You could see Sigmund (invisible).

Vanquished Creatures
  Natasha (twice) (D:2)
  A gnoll (D:1)
  A dart slug (D:1)
  3 leopard geckos
  A ball python (D:2)
  4 bats
  2 goblins
  2 hobgoblins
  2 jackals
  A quokka (D:2)
  3 frilled lizards
  2 kobolds
  4 rats
28 creatures vanquished.

Notes
Turn   | Place    | Note
-------+----------+-------------------------------------------
     0 | D:1      | Bronimir the Formicid Venom Mage began the quest for the
                  | Orb.
     0 | D:1      | Reached XP level 1. HP: 13/13 MP: 3/3
   197 | D:1      | Reached XP level 2. HP: 13/19 MP: 3/5
   433 | D:1      | Learned a level 2 spell: Poisonous Vapours
   449 | D:1      | Found a shattered altar of Ashenzari.
   750 | D:1      | Reached XP level 3. HP: 24/24 MP: 3/6
   808 | D:1      | Reached skill level 1 in Armour
  1085 | D:1      | You fall into a shaft and drop 1 floor!
  1279 | D:2      | Found an iron altar of Okawaru.
  1280 | D:2      | Reached skill level 5 in Poison Magic
  1296 | D:2      | Became a worshipper of Warmaster Okawaru
  1460 | D:2      | Noticed Natasha
  1467 | D:2      | Killed Natasha
  1467 | D:2      | Reached skill level 1 in Conjurations
  1467 | D:2      | Reached XP level 4. HP: 18/30 MP: 2/7
  1639 | D:2      | Noticed Natasha
  1645 | D:2      | Killed Natasha
  1758 | D:2      | Learned a level 4 spell: Olgreb's Toxic Radiance
  1841 | D:2      | Noticed Sigmund
  2024 | D:2      | Slain by Sigmund

Levels and vault maps discovered:
D:1:      co_arrival_random_square_maze, layout_loops_ring, ashenzari_altar_1
D:2:      layout_loops_ring, nicolae_overflow_crystal_walls, uniq_sigmund,
          uniq_natasha

Skill      XL: |  1  2  3 |
---------------+----------+-----
Armour         | 1 |  1.8
Poison Magic   | 5 |  5.5
Dodging        | 2 |  2.0
Conjurations   | 1 |  1.0
Maces & Flails | |  0.3
Polearms       | |  0.2
Stealth        | |  2.4
Spellcasting   | |  2.6
Air Magic      | |  0.2

Action                   |  1- 3 |  4- 6 || total
-------------------------+-------+-------++-------
Melee: Club              |     2 |       ||     2
       Unarmed           |     1 |       ||     1
       Whip              |    25 |     7 ||    32
       Spear             |     4 |    13 ||    17
 Cast: Sting             |    20 |     9 ||    29
       Poisonous Vapours |     8 |     3 ||    11
       Olgreb's Toxic Ra |       |     1 ||     1
 Abil: Dig               |       |     1 ||     1
 Stab: Sleeping          |       |     1 ||     1
  Eat: Chunk             |     2 |     2 ||     4
Armor: Robe              |    10 |       ||    10
       Leather armour    |     7 |     5 ||    12
Dodge: Dodged            |    46 |    30 ||    76
